 Dungeon Crawl Stone Soup version 0.19.1-1-g22dce08 (webtiles) character file.

896 Gargoyl the Covered (level 8, -5/66 (67) HPs)
             Began as a Ghoul Abyssal Knight on Jan 14, 2017.
             Was a Believer of Lugonu.
             Slain by a wraith (8 damage)
             ... in an ossuary.
             The game lasted 00:10:29 (4261 turns).

Gargoyl the Covered (Ghoul Abyssal Knight)          Turns: 4261, Time: 00:10:29

HP:   -5/66 (67)    AC: 11    Str: 16    XL:     8   Next: 7%
MP:   10/10         EV: 16    Int:  7    God:    Lugonu [**....]
Gold: 255           SH:  0    Dex: 15    Spells: 0 memorised, 7 levels left

rFire  . . .     SeeInvis .     j - +0 war axe (curse)
rCold  + + .     Gourm    .     h - +0 scale mail
rNeg   + + +     Faith    .     (no shield)
rPois  ∞         Spirit   .     (no helmet)
rElec  .         Reflect  .     f - +0 cloak
rCorr  .         Harm     .     (no gloves)
MR     .....                    u - +0 pair of boots
Stlth  +.........               (no amulet)
                                r - ring of protection from cold
                                d - +2 ring of protection

@: agile, very slightly contaminated, rotting, slowed, invisible, very slow
A: rotting body, claws 1, carnivore 3, cold resistance 1, negative energy
resistance 3, slow regeneration 1, torment resistance, unbreathing
a: Depart the Abyss, Bend Space, Renounce Religion


You were in an ossuary.
You worshipped Lugonu.
Lugonu was pleased with you.
You were not hungry.

You visited 1 branch of the dungeon, and saw 5 of its levels.
You visited the Abyss 1 time.
You also visited: Ossuary.

You collected 255 gold pieces.

Inventory:

Hand Weapons
 a - a +1 hand axe
 j - a cursed +0 war axe (weapon)
Missiles
 p - 7 javelins of returning (quivered)
Armour
 f - a +0 cloak (worn)
 h - a +0 scale mail (worn)
 u - a +0 pair of boots (worn)
Jewellery
 d - a +2 ring of protection (left claw)
 r - a ring of protection from cold (right claw)
Wands
 x - a wand of digging (11/24)
 C - a wand of enslavement (4/24)
Scrolls
 b - 2 scrolls of teleportation
 e - 4 scrolls of noise {unknown}
 g - 3 scrolls of enchant weapon {unknown}
 i - 8 scrolls of identify {unknown}
 n - 5 scrolls of remove curse
 s - a scroll of amnesia {unknown}
 y - a scroll of blinking {unknown}
 A - a scroll of magic mapping
 B - a scroll of random uselessness {unknown}
Potions
 k - 2 potions of lignification
Books
 w - a book of Minor Magic

   Spells                             Type                      Level
   a - Magic Dart                     Conjuration                  1
   b - Blink                          Translocation                2
   c - Call Imp                       Summoning                    2
   d - Repel Missiles                 Charms/Air                   2
   e - Slow                           Hexes                        2
   f - Conjure Flame                  Conjuration/Fire             3
   g - Mephitic Cloud                 Conjuration/Poison/Air       3
Comestibles
 c - a meat ration
 o - 2 royal jellies
 q - a slice of pizza


   Skills:
 + Level 4.7 Fighting
 + Level 4.6 Axes
 * Level 4.7 Armour
 + Level 2.8 Dodging
 * Level 4.3 Invocations


You had 7 spell levels left.
You didn't know any spells.

Dungeon Overview and Level Annotations

Branches:
Dungeon (5/15)
 Temple: D:4-7

Altars:
Sif Muna
Trog


Innate Abilities, Weirdness & Mutations

Your body is rotting away.
You thrive on raw meat.
You are immune to poison.
You have sharp fingernails.
You are carnivorous and can eat meat at any time.
Your flesh is cold resistant. (rC+)
You are immune to negative energy. (rN+++)
You regenerate slowly when monsters are visible.
You are immune to unholy pain and torment.
You can survive without breathing.


Message History

The wraith misses you.
You are very lightly contaminated with residual magic.
The wraith hits you.
* * * LOW HITPOINT WARNING * * *
The wraith drains your vigour!
You feel as though you will be slow longer.
You hit the wraith.
The wraith is lightly damaged.
The wraith barely misses you. The wraith misses you.
Unknown command.
You hit the wraith but do no damage.
The wraith is lightly damaged.
The wraith barely misses you.
Unknown command.
It was a potion of magic.
Magic courses through your body. The wraith misses you.
The wraith barely misses you.
It was a potion of berserk rage.
You cannot raise a blood rage in your lifeless body.
The wraith hits you!
You die...

#.'.[.# ###.### #.'.'.#
###'### ### ##...## ##.#
##.....#### ###...
##.......#.# ######.....
##......W...###...#...∩..
#.......@....#.###.......
#..........#..## ##......
#..#.#....##### ##..∩..
##.####...# ##....
##......## #...# ####..##
##.## #### ###


You could see a wraith.

Vanquished Creatures
  Sigmund (D:3)
  The ghost of senny the Shield-Bearer, an amateur GrFi of Qazlal (D:4)
  A centaur (D:5)
  An elf zombie (D:5)
  A bullfrog (D:3)
  2 wights (Ossuary)
  A hound (D:3)
  5 orc wizards
  A hound skeleton (D:4)
  3 adders
  3 adder zombies (Ossuary)
  2 worms
  12 dart slugs
  11 orcs
  A ball python (D:4)
  6 giant cockroaches
  2 goblins
  6 hobgoblins
  12 kobolds
  A quokka (D:3)
  A ball python skeleton (Ossuary)
  6 bats
  2 frilled lizards (D:1)
  2 hobgoblin zombies (Ossuary)
  2 orc skeletons (Ossuary)
  5 rats
91 creatures vanquished.

Vanquished Creatures (others)
  An orc wizard (D:4)
  A bat (D:1)
2 creatures vanquished.

Grand Total: 93 creatures vanquished

Notes
Turn   | Place    | Note
-------+----------+-------------------------------------------
     0 | Abyss:1  | Gargoyl the Ghoul Abyssal Knight began the quest for the Orb.
     0 | Abyss:1  | Reached XP level 1. HP: 19/19 MP: 1/1
    39 | Abyss:1  | Found a roughly hewn altar of Beogh.
    72 | Abyss:1  | Found a roughly hewn altar of Beogh.
   131 | Abyss:1  | Found a roughly hewn altar of Beogh.
   205 | Abyss:2  | Noticed a ynoxinul
   213 | D:1      | Escaped the Abyss
   519 | D:1      | Reached XP level 2. HP: 18/25 MP: 2/2
   612 | D:1      | Reached * piety under Lugonu
   861 | D:1      | Reached XP level 3. HP: 32/33 MP: 3/3
  1333 | D:2      | Reached skill level 1 in Dodging
  1661 | D:3      | Reached XP level 4. HP: 40/40 MP: 3/5
  2142 | D:3      | Noticed a bullfrog
  2150 | D:3      | Killed a bullfrog
  2150 | D:3      | Reached ** piety under Lugonu
  2150 | D:3      | Reached XP level 5. HP: 38/46 MP: 6/6
  2190 | D:3      | Noticed Sigmund
  2221 | D:3      | Killed Sigmund
  2221 | D:3      | Reached XP level 6. HP: 7/52 MP: 7/7
  2447 | D:3      | Found a deep blue altar of Sif Muna.
  2934 | D:4      | Reached XP level 7. HP: 55/59 MP: 8/8
  3226 | D:4      | Noticed senny's ghost (amateur GrFi)
  3262 | D:4      | Killed senny's ghost
  3369 | D:4      | Found a bloodstained altar of Trog.
  3473 | D:5      | Entered Level 5 of the Dungeon
  3583 | D:5      | Found a sand-covered staircase.
  3750 | Ossuary  | Entered an ossuary
  3845 | Ossuary  | Reached XP level 8. HP: 25/67 MP: 10/10
  4142 | Ossuary  | Noticed a wraith
  4142 | Ossuary  | Noticed a flying skull
  4154 | Ossuary  | Noticed a flying skull
  4179 | Ossuary  | Noticed a flying skull
  4184 | Ossuary  | Noticed a wraith
  4255 | Ossuary  | HP: 3/66 [wraith (5)]
  4261 | Ossuary  | Slain by a wraith

Skill      XL: |  1  2  3  4  5  6  7 |
---------------+----------------------+-----
Armour         | 2 3 4 |  4.7
Axes           | 2 3 4 |  4.6
Dodging        | 1 2 |  2.8
Fighting       | 4 |  4.7
Invocations    | 3 4 |  4.3

Action                   |  1- 3 |  4- 6 |  7- 9 || total
-------------------------+-------+-------+-------++-------
Melee: Hand axe          |   131 |   158 |   186 ||   475
       War axe           |       |       |    38 ||    38
Throw: Tomahawk          |     1 |       |       ||     1
Invok: Depart the Abyss  |     1 |       |       ||     1
  Use: Scroll            |     1 |       |     2 ||     3
       Potion            |       |     4 |     7 ||    11
  Eat: Chunk             |    19 |    17 |     9 ||    45
Armor: Leather armour    |    33 |       |       ||    33
       Ring mail         |    22 |       |       ||    22
       Scale mail        |    29 |    84 |   105 ||   218
Dodge: Dodged            |   108 |    73 |   116 ||   297
